 Dungeon Crawl Stone Soup version 0.32-a0-685-g93135e86f0 (webtiles) character file.

Game seed: 12145593073731640058

13887 shadizar the Thaumaturge (level 12, -1/91 HPs)
             Began as a Djinni Earth Elementalist on Mar 12, 2024.
             Was a Believer of Makhleb.
             Slain by a death yak (24 damage)
             ... on level 1 of the Lair of Beasts.
             The game lasted 00:17:33 (9581 turns).

shadizar the Thaumaturge (DjEE)                     Turns: 9581, Time: 00:17:34

Health: -1/91      AC:  8    Str:  7    XL:     12   Next: 38%
Gold:   691        EV: 15    Int: 27    God:    Makhleb [**....] SH:  0 Dex: 15

rFire   + + +        G - staff of conjuration
rCold   x . .        (no shield)
rNeg    . . .        j - +0 robe "Quuh" {rF+ Will+ Regen+ rCorr}
rPois   ∞            d - +1 helmet
rElec   .            I - +2 cloak {Stlth+}
rCorr   +            m - +0 pair of gloves
SInv    .            (boots unavailable)
Will    ++...        g - amulet of regeneration
Stlth   +++          v - ring of resist corrosion
HPRegen 1.95/turn    c - +6 ring of intelligence
MPRegen 0.00/turn

%: infuse magic (-2 HP)
@: flying
A: sickness immunity, fire resistance 2, cold vulnerability 1, float, innate
caster, HP casting, extra vitality 1
a: Renounce Religion, Minor Destruction


You were on level 1 of the Lair of Beasts.
You worshipped Makhleb.
Makhleb was pleased with you.
You visited 2 branches of the dungeon, and saw 11 of its levels.

You collected 691 gold pieces.

Inventory:

Armour
 d - a +1 helmet (worn)
 e - a +2 robe of willpower
 j - the +0 robe "Quuh" (worn) {rF+ Will+ Regen+ rCorr}
   (You acquired it on level 8 of the Dungeon)

   rF+:       It protects you from fire.
   Will+:     It increases your willpower.
   Regen+:    It increases your rate of health regeneration.
   rCorr:     It protects you from acid and corrosion.
 m - a +0 pair of gloves (worn)
 I - a +2 cloak of stealth (worn)
Magical Staves
 q - a staff of air
 G - a staff of conjuration (weapon)
Jewellery
 b - an amulet of reflection
 c - a +6 ring of intelligence (right hand)
 g - an amulet of regeneration (around neck)
 v - a ring of resist corrosion (left hand)
 K - the ring "Itummo" {Fire rCorr Int+3 Stlth+}
   (You found it on level 8 of the Dungeon)

   [ring of fire]

   Fire:      It enhances your fire magic.
   Int+3:     It affects your intelligence (+3).
   rF+:       It protects you from fire.
   rC-:       It makes you vulnerable to cold.
   rCorr:     It protects you from acid and corrosion.
   Stlth+:    It makes you more stealthy.
Wands
 k - a wand of paralysis (14)
 l - a wand of polymorph (6)
 s - a wand of mindburst (14)
 y - a wand of iceblast (22)
 E - a wand of acid (21)
Scrolls
 a - a scroll of identify
 n - 4 scrolls of teleportation
 o - a scroll of revelation
 r - 2 scrolls of poison
Potions
 f - 2 potions of brilliance
 h - 6 potions of enlightenment
 i - 2 potions of haste
 u - a potion of heal wounds
 w - 2 potions of invisibility
 A - 2 potions of ambrosia
 B - 3 potions of curing
 C - a potion of cancellation


   Skills:
 - Level 10.0 Fighting
 - Level 7.5 Dodging
 - Level 1.5 Stealth
 + Level 12.3 Spellcasting
 + Level 12.3 Conjurations
 + Level 12.3 Hexes
   Level 0.0 Charms
 + Level 12.3 Summonings
 + Level 12.3 Necromancy
 + Level 12.3 Translocations
   Level 0.0 Transmutations
 + Level 12.3 Fire Magic
 + Level 12.3 Ice Magic
 + Level 12.3 Air Magic
 + Level 12.3 Earth Magic
 + Level 12.3 Alchemy


You knew the following spells:

 Your Spells              Type           Power      Damage    Failure   Level
a - Sandblast             Erth           100%       2d20      1%          1
b - Passwall              Erth           70%        N/A       1%          3
c - Stone Arrow           Conj/Erth      100%       3d13      1%          3
d - Petrify               Alch/Erth      70%        N/A       1%          4
e - Brom's Barrelling Bo  Conj/Erth      90%        2d10      1%          4
f - Freeze                Ice            100%       1d10      1%          1
g - Ensorcelled Hibernat  Hex/Ice        100%       N/A       1%          2
h - Summon Ice Beast      Ice/Summ       70%        N/A       1%          3
i - Vhi's Electric Charg  Tloc/Air       100%       N/A       1%          4
j - Martyr's Knell        Necr/Summ      70%        N/A       1%          4
Your spell library was empty.

Dungeon Overview and Level Annotations

Branches:
Dungeon (9/15)             Temple (0/1) D:7            Lair (2/5) D:9
    Orc (0/2) D:9
  Swamp: Lair:2-3    Shoals: Lair:2-3     Snake: Lair:2-3    Spider: Lair:2-3

Altars:
Ashenzari
Cheibriados
Dithmenos
Elyvilon
Fedhas
Gozag
Makhleb
Okawaru
Qazlal
Uskayaw
Xom
The Shining One
Beogh

Shops:
D:2 (?

Annotations:
D:8 3 runed translucent doors, noobster's ghost, novice MiFi


Innate Abilities, Weirdness & Mutations

You are immune to sickness and miasma.
You are immune to poison.
Your flesh is very heat resistant. (rF++)
You are vulnerable to cold. (rC-)
You float through the air rather than walking.
You learn spells naturally, not from books.
Your magical power is your life essence.
You have superior vitality. (+4 MHP)


Message History

You feel a surge of power!
The stone arrow hits the blink frog!
You kill the blink frog!
Makhleb accepts your kill.
You feel better. The death yak gores you!
Unknown command.
Casting: Stone Arrow (safe; 1% risk of failure)
Confirm with . or Enter, or press ? or * to list all spells.
Aiming: Stone Arrow (safe; 1% risk of failure)
Press: ? - help, Shift-Dir - straight line, f - death yak
Aim: a death yak (ally target, 92% to hit)
You feel a surge of power!
The stone arrow hits the death yak!
The death yak is moderately wounded.
* * * LOW HITPOINT WARNING * * *
The death yak gores you!
* * * LOW HITPOINT WARNING * * *
Unknown command.
Unknown command.
Unknown command.
Unknown command.
Unknown command.
Unknown command.
The death yak attacks as it pursues you!
The death yak misses you.
Your ice beast hits the death yak but does no damage.
Your ice beast barely misses the death yak.
The death yak attacks as it pursues you!
The death yak closely misses you.
You feel much better. The death yak gores you!!
* * * LOW HITPOINT WARNING * * *
Your ice beast hits the death yak.
Your ice beast freezes the death yak!
Casting: Stone Arrow (safe; 1% risk of failure)
Confirm with . or Enter, or press ? or * to list all spells.
Aiming: Stone Arrow (safe; 1% risk of failure)
Press: ? - help, Shift-Dir - straight line, f/p - death yak
Aim: a death yak (moderately wounded, ally target, 92% to hit)
You feel a surge of power!
The stone arrow hits the death yak!!
The death yak is heavily wounded.
* * * LOW HITPOINT WARNING * * *
The death yak gores you!!
You die...

#.#.##..........###..##P###..##
#.#.#..#.####.......##### ##..#
#####+...### ######.## #.##
..##.....## ### #.# ..#.....#÷#
##### #.# ..#.#.....# #...###
#.## ....#.ß...#####...#.# ###
#... ....#...#.##........###.##
##.# ..#.....#.#.....@:.......###
##.#
..##......##P...Y...##.#.#P###...
[.###..###.####.Y.######........#
##........####.#...# ###.#.#.####
.#..#..#..##.ß....####.#.#####
.....^....#.....#.....##.##
......ß...'..>.ß##.#..##..#
..........#.....#####.P#.####
.#..##.#...#.ß..# #.##..P.# #


You could see a death yak (ally target) and a friendly ice beast (summoned).

Vanquished Creatures
  A death yak (Lair:1)
  Amaemon (D:8)
  Pikel (D:9)
  Maurice (D:7)
  A black mamba (Lair:1)
  An orange demon (D:8)
  3 cane toads
  A rime drake (Lair:1)
  4 komodo dragons
  A troll (D:9)
  2 hornets
  Grinder (D:4)
  3 blink frogs
  3 wyverns
  A wraith (D:9)
  6 yaks (Lair:1)
  A vampire (D:9)
  A human (D:9)
  Grum (Lair:1)
  2 wargs (D:9)
  A steam dragon (D:6)
  2 swamp worms (Lair:1)
  7 water moccasins
  2 orc warriors
  An ice beast (D:7)
  A sky beast (D:7)
  3 black bears
  5 wolves (Lair:1)
  4 centaurs
  3 lemures (D:9)
  Blork the orc (D:5)
  4 bullfrogs
  4 scorpions
  8 wights
  6 killer bees (D:8)
  2 howler monkeys
  2 jellies (D:5)
  7 orc priests
  7 hounds
  2 sleepcaps
  Jessica (D:3)
  10 iguanas
  9 orc wizards
  Ijyb (D:3)
  2 hell rats (D:9)
  4 gnolls
  An adder (D:4)
  A river rat (D:9)
  A shadow imp (D:4)
  2 ufetubi (D:6)
  A ribbon worm (D:2)
  25 orcs
  4 ball pythons
  6 bats
  7 endoplasms
  2 giant cockroaches
  10 hobgoblins
  7 jackals
  3 quokkas
  A frilled lizard (D:2)
  14 goblins
  19 kobolds
  5 rats
244 creatures vanquished.

Vanquished Creatures (collateral kills)
  Joseph (Lair:1)
  2 yaks (Lair:1)
  2 orc priests
  2 orc wizards (D:9)
  3 orcs
  A quokka (D:4)
11 creatures vanquished.

Vanquished Creatures (others)
  A bombardier beetle (D:4)
1 creature vanquished.

Grand Total: 256 creatures vanquished

Notes
Turn   | Place    | Note
-------+----------+-------------------------------------------
     0 | D:1      | shadizar the Djinni Earth Elementalist began the quest for
                  | the Orb.
     0 | D:1      | shadizar set off with the following spells memorised:
                  | Sandblast, Passwall, Stone Arrow, Petrify, Brom's
                  | Barrelling Boulder.
     0 | D:1      | Reached XP level 1. HP: 15/15 MP: 0/0
    25 | D:1      | Found a faded altar of an unknown god.
   156 | D:1      | Reached XP level 2. HP: 19/22 MP: 0/0
   193 | D:1      | Reached skill level 1 in Fighting
   299 | D:1      | Reached XP level 3. HP: 26/27 MP: 0/0
   299 | D:1      | Learned a level 1 spell: Freeze
   590 | D:2      | Found Bapenicvodi's Antique Weapon Boutique.
   802 | D:2      | Found Bixeimis's Book Shoppe.
   856 | D:2      | Found Uxets's Magic Scroll Shoppe.
  1313 | D:3      | Noticed Ijyb
  1314 | D:3      | Noticed Jessica
  1334 | D:3      | Killed Ijyb
  1335 | D:3      | Reached XP level 4. HP: 23/33 MP: 0/0
  1336 | D:3      | Killed Jessica
  1337 | D:3      | Reached XP level 5. HP: 24/38 MP: 0/0
  1337 | D:3      | Learned a level 2 spell: Ensorcelled Hibernation
  2281 | D:4      | Noticed Grinder
  2282 | D:4      | Paralysed by Grinder for 3 turns
  2287 | D:4      | Killed Grinder
  2288 | D:4      | Reached skill level 5 in Spellcasting
  2288 | D:4      | Reached skill level 5 in Conjurations
  2288 | D:4      | Reached skill level 5 in Hexes
  2288 | D:4      | Reached skill level 5 in Summonings
  2288 | D:4      | Reached skill level 5 in Necromancy
  2288 | D:4      | Reached skill level 5 in Translocations
  2288 | D:4      | Reached skill level 5 in Fire Magic
  2288 | D:4      | Reached skill level 5 in Ice Magic
  2288 | D:4      | Reached skill level 5 in Air Magic
  2288 | D:4      | Reached skill level 5 in Earth Magic
  2288 | D:4      | Reached skill level 5 in Alchemy
  2288 | D:4      | Reached XP level 6. HP: 25/46 MP: 0/0
  2288 | D:4      | Reached XP level 7. HP: 27/50 MP: 0/0
  2288 | D:4      | Learned a level 3 spell: Summon Ice Beast
  3036 | D:5      | Entered Level 5 of the Dungeon
  3057 | D:5      | Reached XP level 8. HP: 55/58 MP: 0/0
  3194 | D:5      | Noticed Blork the orc
  3197 | D:5      | Killed Blork the orc
  3756 | D:5      | Reached skill level 5 in Fighting
  4194 | D:6      | Reached XP level 9. HP: 34/65 MP: 0/0
  4194 | D:6      | Learned a level 4 spell: Vhi's Electric Charge
  4544 | D:6      | Found a broken altar of Ashenzari.
  4545 | D:6      | Found a shimmering altar of Xom.
  4649 | D:6      | Found a blossoming altar of Fedhas.
  4653 | D:6      | Found a white marble altar of Elyvilon.
  4653 | D:6      | Found a snail-covered altar of Cheibriados.
  4653 | D:6      | Found an iron altar of Okawaru.
  4653 | D:6      | Found a stormy altar of Qazlal.
  4654 | D:6      | Found an opulent altar of Gozag.
  4657 | D:6      | Found a hide-covered altar of Uskayaw.
  4658 | D:6      | Found a glowing golden altar of the Shining One.
  5420 | D:7      | Noticed a hornet
  5423 | D:7      | Killed a hornet
  5588 | D:7      | Found a shadowy altar of Dithmenos.
  5589 | D:7      | Found a burning altar of Makhleb.
  5603 | D:7      | Became a worshipper of Makhleb the Destroyer
  5865 | D:7      | Reached XP level 10. HP: 74/75 MP: 0/0
  5871 | D:7      | Found a staircase to the Ecumenical Temple.
  5975 | D:8      | Noticed an orange demon
  5975 | D:8      | Noticed Maurice
  5976 | D:8      | Noticed Amaemon
  5978 | D:8      | Maurice stole 254 gold
  5983 | D:7      | Killed Maurice
  6246 | D:8      | Found a roughly hewn altar of Beogh.
  6331 | D:8      | Killed an orange demon
  6334 | D:8      | Killed Amaemon
  6417 | D:8      | Noticed noobster's ghost (novice MiFi)
  6418 | D:8      | Found a runed translucent gate.
  6418 | D:8      | Found a runed translucent gate.
  6418 | D:8      | Found a runed translucent gate.
  6418 | D:8      | Noticed a nine-headed hydra
  6450 | D:8      | Identified the ring "Itummo" {Fire rCorr Int+3 Stlth+}
  6465 | D:8      | Reached skill level 10 in Spellcasting
  6465 | D:8      | Reached skill level 10 in Conjurations
  6465 | D:8      | Reached skill level 10 in Hexes
  6465 | D:8      | Reached skill level 10 in Summonings
  6465 | D:8      | Reached skill level 10 in Necromancy
  6465 | D:8      | Reached skill level 10 in Translocations
  6465 | D:8      | Reached skill level 10 in Fire Magic
  6465 | D:8      | Reached skill level 10 in Ice Magic
  6465 | D:8      | Reached skill level 10 in Air Magic
  6465 | D:8      | Reached skill level 10 in Earth Magic
  6465 | D:8      | Reached skill level 10 in Alchemy
  6750 | D:8      | Reached * piety under Makhleb
  6989 | D:8      | Identified a scroll of acquirement
  6989 | D:8      | Acquired the +0 robe "Quuh" {rF+ Will+ Regen+ rCorr}
  7122 | D:9      | Reached XP level 11. HP: 30/82 MP: 0/0
  7122 | D:9      | Learned a level 4 spell: Martyr's Knell
  7258 | D:9      | Reached skill level 5 in Dodging
  7286 | D:9      | Found a staircase to the Orcish Mines.
  7620 | D:9      | Noticed Pikel
  7629 | D:9      | Killed Pikel
  7639 | D:9      | Reached ** piety under Makhleb
  7880 | D:9      | Found a staircase to the Lair.
  8246 | Lair:1   | Entered Level 1 of the Lair of Beasts
  8246 | Lair:1   | Noticed Joseph
  8252 | Lair:1   | Killed Joseph
  8419 | Lair:1   | Noticed Grum
  8458 | Lair:1   | Killed Grum
  8772 | Lair:1   | Reached XP level 12. HP: 91/91 MP: 0/0
  8827 | Lair:1   | Reached skill level 10 in Fighting
  9518 | Lair:2   | Noticed a death yak
  9531 | Lair:2   | Noticed a death yak
  9532 | Lair:2   | Noticed a death yak
  9532 | Lair:2   | Noticed a death yak
  9533 | Lair:2   | Noticed a death yak
  9557 | Lair:1   | Killed a death yak
  9565 | Lair:2   | Noticed a death yak
  9581 | Lair:1   | Slain by a death yak

Illustrated notes

Levels and vault maps discovered:
D:1:      eino_arrival_cavern_b, layout_rooms, ebering_ecumenical_altar_mist,
          minmay_pentomino_p4
D:2:      layout_loops_ring, serial_shops, nicolae_shop_gibbet_a_chance,
          nicolae_shop_just_a_little_nook, shop, kennysheep_generic_room_11
D:3:      layout_loops_ring, uniq_crazy_yiuf_cottage, uniq_ijyb, uniq_jessica
D:4:      layout_basic, cheibrodos_gnoll_hut, uniq_grinder
D:5:      corexii_shantytown, layout_gridville, minmay_misc_feat_room,
          uniq_blork_the_orc
D:6:      layout_cave_pods, minitemple, kennysheep_generic_room_7
D:7:      layout_basic, mainiacjoe_overflow_divided_tiny,
          minmay_temple_entry_mini_moons
D:8:      layout_rooms, gammafunk_ghost_hydra_chop, david_defended_altar_orc,
          uniq_amaemon, uniq_maurice
D:9:      layout_basic, dpeg_lair_monsters, erik_orc_4, uniq_pikel
Lair:1:   layout_loops_ring, worms_lemuel, grunt_megastairs_1,
          lemuel_fruit_tree, infiniplex_staircase_pool_2, serial_bayou_shore_b,
          uniq_grum, uniq_joseph
Lair:2:   layout_hall_layers, nicolae_swamp_entry_spooky

Skill      XL: |  1  2  3  4  5  6  7  8  9 10 11 12 |
---------------+-------------------------------------+-----
Fighting       | 1 2 3 4 5 7 8 9 10 | 10.0
Spellcasting   | 4 5 6 7 9 10 11 12 | 12.3
Conjurations   | 4 5 6 7 9 10 11 12 | 12.3
Hexes          | 4 5 6 7 9 10 11 12 | 12.3
Summonings     | 4 5 6 7 9 10 11 12 | 12.3
Necromancy     | 4 5 6 7 9 10 11 12 | 12.3
Translocations | 4 5 6 7 9 10 11 12 | 12.3
Fire Magic     | 4 5 6 7 9 10 11 12 | 12.3
Ice Magic      | 4 5 6 7 9 10 11 12 | 12.3
Air Magic      | 4 5 6 7 9 10 11 12 | 12.3
Earth Magic    | 4 5 6 7 9 10 11 12 | 12.3
Alchemy        | 4 5 6 7 9 10 11 12 | 12.3
Dodging        | 4 7 |  7.5
Stealth        | |  1.5

Action                     |  1- 3 |  4- 6 |  7- 9 | 10-12 || total
---------------------------+-------+-------+-------+-------++-------
  Melee: Unarmed           |     2 |     1 |     1 |       ||     4
         Staff             |       |       |       |     2 ||     2
   Cast: Sandblast         |    62 |    26 |   173 |   127 ||   388
         Freeze            |     3 |     2 |       |       ||     5
         Stone Arrow       |       |     3 |     2 |    89 ||    94
         Summon Ice Beast  |       |       |     2 |    13 ||    15
         Brom's Barrelling |       |       |       |     8 ||     8
         Ensorcelled Hiber |       |       |       |     1 ||     1
         Vhi's Electric Ch |       |       |       |     1 ||     1
         Martyr's Knell    |       |       |       |     1 ||     1
    Use: Potion            |     2 |       |       |     1 ||     3
         Scroll            |       |       |       |    26 ||    26
 Armour: Skin              |    16 |     1 |       |       ||    17
         Robe              |     6 |     5 |    57 |   123 ||   191
  Dodge: Dodged            |    18 |     8 |    54 |   126 ||   206
  Block: Other             |    11 |     2 |    27 |    36 ||    76
         Reflection        |       |       |     2 |     3 ||     5

Table legend: (Time is in decaauts)
 A = Elapsed time spent in this place.
 B = Non-inter-level travel time spent in this place.
 C = Inter-level travel time spent in this place.
 D = Time resting spent in this place.
 E = Time spent auto-exploring this place.
 F = Levels seen in this place.
 G = Mean time per level.
                   A        B        C        D        E       F      G
               +--------+--------+--------+--------+--------+-----+--------+
         Total |   9764 |   9417 |    347 |      0 |   7623 |  11 |  887.6 |
       Dungeon |   8405 |   8082 |    323 |      0 |   6662 |   9 |  933.9 |
          Lair |   1358 |   1334 |     24 |      0 |    961 |   2 |  679.0 |
               +--------+--------+--------+--------+--------+-----+--------+

Top non-repeatable levels by time:
     D:8: 1135 daAuts
  Lair:1: 1120 daAuts
     D:6: 1104 daAuts
     D:7: 1072 daAuts
     D:9: 1019 daAuts
     D:5: 994 daAuts
     D:3: 929 daAuts
     D:4: 874 daAuts
     D:2: 765 daAuts
     D:1: 510 daAuts
  Lair:2: 238 daAuts
